 Dungeon Sprint DCSS version 0.30.1-11-g7821555f0a (webtiles) character file.

Game seed: 18097847958975464966

51 Heoruswealwe the Poker (level 3, -7/36 HPs)
             Began as a Minotaur Fighter on Dec 3, 2023.
             Mangled by an ogre
             ... wielding a +0 giant club
              (33 damage)
             ... in the Dungeon (Sprint IX: "|||||||||||||||||||||||||||||").
             The game lasted 00:00:52 (36 turns).

Heoruswealwe the Poker (Minotaur Fighter)             Turns: 36, Time: 00:00:52

Health: -7/36      AC:  3    Str: 22    XL:     3   Next: 57%
Magic:  2/2        EV:  9    Int:  5    God:
Gold:   0          SH:  4    Dex:  9    Spells: 2/2 levels left

rFire   . . .        a - +0 trident
rCold   . . .        d - +0 buckler
rNeg    . . .        c - +0 scale mail
rPois   .            (helmet restricted)
rElec   .            (no cloak)
rCorr   .            (no gloves)
SInv    .            (no boots)
Will    .....        (no amulet) Stlth
                     (no ring)
HPRegen 0.26/turn    (no ring)
MPRegen 0.08/turn

%: no teleportation
@: corroded
A: horns 2, retaliatory headbutt
a: no special abilities


You were in the Dungeon.
You visited 1 branch

Inventory:

Hand Weapons
 a - a +0 trident (weapon)
Armour
 c - a +0 scale mail (worn)
 d - a +0 buckler (worn)
Scrolls
 j - a scroll of blinking
Potions
 b - a potion of might
 e - a potion of curing
 f - a potion of heal wounds
 g - a potion of haste
 i - a potion of berserk rage


   Skills:
 + Level 5.5 Fighting
 * Level 6.4 Polearms
 + Level 5.6 Armour
 - Level 3.6 Shields


You had 2 spell levels left.
You didn't know any spells.
Your spell library was empty.

Dungeon Overview and Level Annotations

Branches:
Dungeon (1/1)

Altars:


Innate Abilities, Weirdness & Mutations

You have a pair of horns on your head.
You reflexively headbutt those who attack you in melee.


Message History

You puncture the jelly!
Your hands burn!
The jelly is severely wounded.
The jelly hits you but does no damage.
You barely miss the jelly.
The jelly is severely wounded.
The jelly hits you but does no damage.
You hit the jelly.
You kill the jelly!
The adder barely misses you. You furiously retaliate!
You headbutt the adder.
Your Fighting skill increases to level 5!
Your Polearms skill gained 2 levels and is now at level 6!
Your Armour skill increases to level 5!
You have reached level 3!
Your experience leads to an increase in your attributes!
Increase (S)trength, (I)ntelligence, or (D)exterity?
You feel stronger. x2
You closely miss the adder.
The adder is moderately wounded.
The adder barely misses you.
You closely miss the adder.
The adder is moderately wounded.
The adder barely misses you. You furiously retaliate!
You headbutt the adder. You hit the adder. Your headbutt misses the adder.
The adder is almost dead.
The adder bites you. The adder barely misses you.
You hit the adder but do no damage. Your headbutt misses the adder.
The adder is almost dead.
The adder closely misses you.
You closely miss the adder.
The adder is almost dead.
The adder bites you but does no damage. The adder misses you.
You puncture the adder!
You kill the adder!
You miss the quokka. The quokka closely misses you.
You block the quokka's attack.
You puncture the quokka!
You kill the quokka!
The ogre hits you with a +0 giant club!!
Ouch! That really hurt!
You die... ▓▓▓▓▓▓▓▓▓▓▓▓▓▓▓▓▓▓ ▓<.!.)....@O.....+ ▓▓▓▓▓▓▓▓▓▓▓▓▓▓▓▓▓▓

You could see an ogre.

Vanquished Creatures
  A jelly (D)
  An adder (D)
  An ufetubus (D)
  A giant cockroach (D)
  2 goblins (D)
  2 quokkas (D)
  A frilled lizard (D)
9 creatures vanquished.

Notes
Turn   | Place    | Note
-------+----------+-------------------------------------------
     0 | D        | Heoruswealwe the Minotaur Fighter began the quest for the
                  | Orb.
     0 | D        | Reached XP level 1. HP: 19/19 MP: 0/0
     7 | D        | Reached skill level 3 in Polearms
    21 | D        | Noticed a jelly
    21 | D        | Noticed an ogre
    25 | D        | Reached skill level 4 in Polearms
    25 | D        | Reached XP level 2. HP: 24/28 MP: 1/1
    29 | D        | Reached skill level 5 in Fighting
    29 | D        | Reached skill level 6 in Polearms
    29 | D        | Reached skill level 5 in Armour
    29 | D        | Reached XP level 3. HP: 25/36 MP: 2/2
    36 | D        | Mangled by an ogre

Illustrated notes

Levels and vault maps discovered:
D:        linesprint [early_d, line_temple, items_1, d_10, items_2, lair_1,
          lair_end, items_3, orc_1, orc_end, items_4, d_15, swamp_1, shoals_1,
          snake_1, spider_1, d_20, vaults_1, items_5, swamp_end, shoals_end,
          snake_end, spider_end, vaults_end, d_27, items_6, zot_1, zot_end,
          crypt_end, forest_end, elf_end, slime_end, tomb_end, abyss_end,
          pan_hell_end]

Skill      XL: |  1  2 |
---------------+-------+-----
Polearms       | 4 6 |  6.4
Fighting       | 4 5 |  5.5
Armour         | 4 5 |  5.6
Shields        | |  3.6

Action                     || total
---------------------------++-------
  Melee: Trident           ||    24
         Headbutt          ||     2
 Armour: Scale mail        ||     9
  Dodge: Dodged            ||    11
  Block: Buckler           ||     4
